| TOP OF THE 1ST |
|
Oneonta Indians batting - Pitching for Jamestown Falcons : LHP Cliff Young
|
|
Pitching: LHP Cliff Young
|
|
|
Batting: RHB Keith Flenoir
|
0-0: Foul Ball, location: 2F 0-1: Ground out 5-3 (Groundball, 56, EV 98.8 MPH)
|
|
Batting: RHB Thomas Mohr
|
0-0: Ball 1-0: Called Strike 1-1: Ball 2-1: Foul Ball, location: 2F 2-2: Foul Ball, location: 2F 2-2: Ball 3-2: Foul Ball, location: 2F 3-2: Fly out, F8 (Flyball, 78M, EV 81.3 MPH)
|
|
Batting: LHB Lenny Nay
|
0-0: Foul Ball, location: 2F 0-1: Swinging Strike 0-2: SINGLE (Line Drive, 9S, EV 110.6 MPH)
|
|
Batting: RHB Richard James
|
0-0: Ball Lenny Nay steals 2nd base 1-0: Called Strike 1-1: Ball 2-1: Ball 3-1: Base on Balls
|
|
Batting: RHB Marcos Rodriguez
|
0-0: DOUBLE (Line Drive, 8RXD, EV 105.6 MPH) Lenny Nay scores Richard James to third Runner from 3rd tries for Home, SAFE, throw by CF to trailing runner, SAFE at third!
|
|
Batting: LHB Chris Forgione
|
0-0: Called Strike 0-1: Foul Ball, location: 2F 0-2: Ball 1-2: Ball 2-2: Strikes out swinging
|
| Top of the 1st over - 2 runs, 2 hits, 0 errors, 1 left on base; Oneonta 2 - Jamestown 0 |
| BOTTOM OF THE 1ST |
|
Jamestown Falcons batting - Pitching for Oneonta Indians : LHP Steve K Davis
|
|
Pitching: LHP Steve K Davis
|
|
|
Batting: RHB Nelson Rood
|
0-0: Foul Ball, location: 2F 0-1: Foul Ball, location: 2F 0-2: Ball 1-2: Ball 2-2: Fly out, F8 (Flyball, 8LXD, EV 88.8 MPH)
|
|
Batting: RHB Dave Myers
|
0-0: Ball 1-0: Called Strike 1-1: Foul Ball, location: 2F 1-2: Strikes out swinging
|
|
Batting: LHB Jack Howell
|
0-0: Called Strike 0-1: Swinging Strike 0-2: Strikes out swinging
|
| Bottom of the 1st over - 0 runs, 0 hits, 0 errors, 0 left on base; Oneonta 2 - Jamestown 0 |
| TOP OF THE 2ND |
|
Oneonta Indians batting - Pitching for Jamestown Falcons : LHP Cliff Young
|
|
Batting: RHB George Nebrich
|
0-0: Ball 1-0: Ball 2-0: Foul Ball, location: 2F 2-1: Ball 3-1: SINGLE (Line Drive, 89S, EV 88.1 MPH)
|
|
Batting: LHB Gary Venner
|
0-0: Ball 1-0: Fielders Choice at 2nd, 3-6 (Groundball, 34, EV 83.8 MPH)
|
|
Batting: RHB Alberto Zappala
|
0-0: Ball 1-0: Ball 2-0: DOUBLE (Flyball, 89D, EV 91.9 MPH) Gary Venner to third
|
|
Batting: RHB Keith Flenoir
|
0-0: Ball 1-0: SINGLE (Groundball, 34D, EV 107.5 MPH) Gary Venner scores Alberto Zappala to third
|
|
Batting: RHB Thomas Mohr
|
0-0: Called Strike 0-1: Ball 1-1: Swinging Strike 1-2: Fly out, F4 (Popup, 34D, EV 68.1 MPH)
|
|
Batting: LHB Lenny Nay
|
0-0: Ball 1-0: Called Strike 1-1: Swinging Strike 1-2: Fly out, F8 (Line Drive, 8LM, EV 104.4 MPH)
|
| Top of the 2nd over - 1 run, 3 hits, 0 errors, 2 left on base; Oneonta 3 - Jamestown 0 |
| BOTTOM OF THE 2ND |
|
Jamestown Falcons batting - Pitching for Oneonta Indians : LHP Steve K Davis
|
|
Batting: RHB Glen Stacheit
|
0-0: Called Strike 0-1: Ball 1-1: Foul Ball, location: 2F 1-2: Ball 2-2: Strikes out swinging
|
|
Batting: RHB William Freidhof
|
0-0: Called Strike 0-1: Foul Ball, location: 2F 0-2: Ground out 6-3 (Groundball, 6, EV 88.8 MPH)
|
|
Batting: RHB Ronald Arnold
|
0-0: Ball 1-0: Foul Ball, location: 2F 1-1: Swinging Strike 1-2: Ball 2-2: Ball 3-2: Foul Ball, location: 2F 3-2: Base on Balls
|
|
Batting: LHB Darren Riley
|
0-0: Ball 1-0: Swinging Strike 1-1: Ball 2-1: Fly out, F9 (Flyball, 89S, EV 95.0 MPH)
|
| Bottom of the 2nd over - 0 runs, 0 hits, 0 errors, 1 left on base; Oneonta 3 - Jamestown 0 |
| TOP OF THE 3RD |
|
Oneonta Indians batting - Pitching for Jamestown Falcons : LHP Cliff Young
|
|
Batting: RHB Richard James
|
0-0: Ball 1-0: Foul Ball, location: 2F 1-1: Fly out, F9 (Flyball, 9LM, EV 90.0 MPH)
|
|
Batting: RHB Marcos Rodriguez
|
0-0: Ground out 5-3 (Groundball, 56S, EV 88.8 MPH)
|
|
Batting: LHB Chris Forgione
|
0-0: Swinging Strike 0-1: SINGLE (Groundball, 34D, EV 99.4 MPH) (infield hit)
|
|
Batting: RHB George Nebrich
|
0-0: Called Strike 0-1: SINGLE (Groundball, 56D, EV 95.6 MPH) Chris Forgione to second
|
|
Batting: LHB Gary Venner
|
0-0: Called Strike 0-1: Ball 1-1: Foul Ball, location: 2F 1-2: Ball 2-2: Fly out, F7 (Flyball, 78M, EV 85.6 MPH)
|
| Top of the 3rd over - 0 runs, 2 hits, 0 errors, 2 left on base; Oneonta 3 - Jamestown 0 |
| BOTTOM OF THE 3RD |
|
Jamestown Falcons batting - Pitching for Oneonta Indians : LHP Steve K Davis
|
|
Batting: RHB Herman Cunningham
|
0-0: Ball 1-0: Ground out 3-1 (Groundball, 34, EV 79.4 MPH)
|
|
Batting: SHB Ivan Oliva
|
0-0: Ball 1-0: Called Strike 1-1: Foul Ball, location: 2F 1-2: Ball 2-2: Fly out, F7 (Flyball, 7, EV 91.3 MPH)
|
|
Batting: RHB Nelson Rood
|
0-0: Ball 1-0: Ball 2-0: Ball 3-0: Called Strike 3-1: Base on Balls
|
|
Batting: RHB Dave Myers
|
0-0: Ball 1-0: Called Strike 1-1: Ground out 4-3 (Groundball, 34, EV 86.3 MPH)
|
| Bottom of the 3rd over - 0 runs, 0 hits, 0 errors, 1 left on base; Oneonta 3 - Jamestown 0 |
| TOP OF THE 4TH |
|
Oneonta Indians batting - Pitching for Jamestown Falcons : LHP Cliff Young
|
|
Batting: RHB Alberto Zappala
|
0-0: Ball 1-0: Ball 2-0: Foul Ball, location: 2F 2-1: Foul Ball, location: 2F 2-2: Ball 3-2: Fly out, F4 (Popup, 34D, EV 61.3 MPH)
|
|
Batting: RHB Keith Flenoir
|
0-0: Called Strike 0-1: Foul Ball, location: 2F 0-2: Strikes out swinging
|
|
Batting: RHB Thomas Mohr
|
0-0: Swinging Strike 0-1: Ball 1-1: Called Strike 1-2: Ball 2-2: Foul Ball, location: 2F 2-2: Strikes out swinging
|
| Top of the 4th over - 0 runs, 0 hits, 0 errors, 0 left on base; Oneonta 3 - Jamestown 0 |
| BOTTOM OF THE 4TH |
|
Jamestown Falcons batting - Pitching for Oneonta Indians : LHP Steve K Davis
|
|
Batting: LHB Jack Howell
|
0-0: Swinging Strike 0-1: Ball 1-1: Ball 2-1: Ball 3-1: Fly out, F7 (Flyball, 78M, EV 93.1 MPH)
|
|
Batting: RHB Glen Stacheit
|
0-0: Called Strike 0-1: SINGLE (Line Drive, 8RS, EV 87.5 MPH)
|
|
Batting: RHB William Freidhof
|
0-0: Ball 1-0: Foul Ball, location: 2F Pickoff Throw to First - Out! 1-3 1-1: Foul Ball, location: 2F 1-2: Ball 2-2: Ground out 6-3 (Groundball, 6, EV 100.0 MPH)
|
| Bottom of the 4th over - 0 runs, 1 hit, 0 errors, 0 left on base; Oneonta 3 - Jamestown 0 |
| TOP OF THE 5TH |
|
Oneonta Indians batting - Pitching for Jamestown Falcons : LHP Cliff Young
|
|
Batting: LHB Lenny Nay
|
0-0: Ball 1-0: Ball 2-0: Foul Ball, location: 2F 2-1: Foul Ball, location: 2F 2-2: Ball 3-2: Fly out, F6 (Line Drive, 6, EV 72.5 MPH)
|
|
Batting: RHB Richard James
|
0-0: Ball 1-0: Foul Ball, location: 2F 1-1: Called Strike 1-2: DOUBLE (Line Drive, 7LD, EV 101.9 MPH)
|
|
Pitching: LHP Michael Tirella
|
|
|
Batting: RHB Marcos Rodriguez
|
0-0: Ball 1-0: Foul Ball, location: 2F 1-1: SINGLE (Line Drive, 34, EV 94.4 MPH) Richard James to third
|
|
Batting: LHB Chris Forgione
|
0-0: Swinging Strike 0-1: Ball 1-1: Foul Ball, location: 2F 1-2: Ball 2-2: Foul Ball, location: 2F 2-2: Ball 3-2: Strikes out swinging
|
|
Batting: RHB George Nebrich
|
0-0: Fielders Choice at 2nd, 6-4 (Groundball, 6, EV 88.8 MPH)
|
| Top of the 5th over - 0 runs, 2 hits, 0 errors, 2 left on base; Oneonta 3 - Jamestown 0 |
| BOTTOM OF THE 5TH |
|
Jamestown Falcons batting - Pitching for Oneonta Indians : LHP Steve K Davis
|
|
Batting: RHB Ronald Arnold
|
0-0: Called Strike 0-1: Ball 1-1: Ball 2-1: Ground out 4-3 (Groundball, 4, EV 85.6 MPH)
|
|
Batting: LHB Darren Riley
|
0-0: Called Strike 0-1: Ball 1-1: Foul Ball, location: 2F 1-2: Strikes out swinging
|
|
Batting: RHB Herman Cunningham
|
0-0: Foul Ball, location: 2F 0-1: Swinging Strike 0-2: Ball 1-2: Ball 2-2: Foul Ball, location: 2F 2-2: Ball 3-2: Foul Ball, location: 2F 3-2: Foul Ball, location: 2F 3-2: SINGLE (Groundball, 34, EV 83.8 MPH) (infield hit)
|
|
Batting: SHB Ivan Oliva
|
0-0: Called Strike 0-1: Ball 1-1: Ball 2-1: Ball 3-1: Base on Balls Herman Cunningham to second
|
|
Batting: RHB Nelson Rood
|
0-0: Called Strike 0-1: Ball 1-1: Ball 2-1: Called Strike 2-2: Foul Ball, location: 2F 2-2: Strikes out swinging
|
| Bottom of the 5th over - 0 runs, 1 hit, 0 errors, 2 left on base; Oneonta 3 - Jamestown 0 |
| TOP OF THE 6TH |
|
Oneonta Indians batting - Pitching for Jamestown Falcons : LHP Michael Tirella
|
|
Batting: LHB Gary Venner
|
0-0: Swinging Strike 0-1: SINGLE (Flyball, 6D, EV 85.6 MPH)
|
|
Batting: RHB Alberto Zappala
|
0-0: Bunted foul 0-1: Bunted foul 0-2: Grounds into double play, 1-6-3 (Groundball, 13S, EV 70.0 MPH)
|
|
Batting: RHB Keith Flenoir
|
0-0: Ball 1-0: Ground out 5-3 (Groundball, 56, EV 100.6 MPH)
|
| Top of the 6th over - 0 runs, 1 hit, 0 errors, 0 left on base; Oneonta 3 - Jamestown 0 |
| BOTTOM OF THE 6TH |
|
Jamestown Falcons batting - Pitching for Oneonta Indians : LHP Steve K Davis
|
|
Batting: RHB Dave Myers
|
0-0: Called Strike 0-1: Ball 1-1: Ball 2-1: Ball 3-1: Base on Balls
|
|
Batting: LHB Jack Howell
|
0-0: Foul Ball, location: 2F 0-1: Ball 1-1: Ball 2-1: Swinging Strike 2-2: SINGLE (Groundball, 6S, EV 63.1 MPH) (infield hit) Dave Myers to second
|
|
Batting: RHB Glen Stacheit
|
0-0: Swinging Strike 0-1: Called Strike 0-2: Ball 1-2: Strikes out swinging
|
|
Batting: RHB William Freidhof
|
0-0: Ball 1-0: Ball 2-0: Called Strike 2-1: Foul Ball, location: 2F 2-2: Ball 3-2: DOUBLE (Line Drive, 89D, EV 105.0 MPH) Dave Myers scores Jack Howell to third Runner from 3rd tries for Home, SAFE, throw by RF to home
|
|
Batting: RHB Ronald Arnold
|
0-0: Ball 1-0: Ball 2-0: Fly out, F4 (Popup, 4S, EV 71.3 MPH)
|
|
Batting: LHB Darren Riley
|
0-0: Swinging Strike 0-1: Ball 1-1: Ground out 4-3 (Groundball, 4M, EV 101.3 MPH)
|
| Bottom of the 6th over - 2 runs, 2 hits, 0 errors, 1 left on base; Oneonta 3 - Jamestown 2 |
| TOP OF THE 7TH |
|
Oneonta Indians batting - Pitching for Jamestown Falcons : LHP Michael Tirella
|
|
Batting: RHB Thomas Mohr
|
0-0: Ball 1-0: Ball 2-0: Called Strike 2-1: SINGLE (Groundball, 56D, EV 102.5 MPH)
|
|
Batting: LHB Lenny Nay
|
0-0: Called Strike 0-1: Ball 1-1: Ball 2-1: Swinging Strike 2-2: Strikes out swinging
|
|
Batting: RHB Richard James
|
0-0: Fly out, F9 (Line Drive, 9, EV 98.8 MPH)
|
|
Batting: RHB Marcos Rodriguez
|
0-0: Foul Ball, location: 2F 0-1: Swinging Strike Passed Ball! Thomas Mohr to second 0-2: Ball 1-2: Strikes out swinging
|
| Top of the 7th over - 0 runs, 1 hit, 0 errors, 1 left on base; Oneonta 3 - Jamestown 2 |
| BOTTOM OF THE 7TH |
|
Jamestown Falcons batting - Pitching for Oneonta Indians : LHP Steve K Davis
|
|
Pitching: RHP Jeff Mihlbachler
|
|
|
Batting: RHB Herman Cunningham
|
0-0: Called Strike 0-1: Called Strike 0-2: Foul Ball, location: 2F 0-2: Ball 1-2: SINGLE (Line Drive, 9S, EV 112.5 MPH)
|
|
Batting: SHB Ivan Oliva
|
0-0: Fly out, F7 (Flyball, 7S, EV 83.1 MPH)
|
|
Pinch Hitting: LHB Warren Bachmann
|
0-0: Fly out, F8 (Flyball, 8LM, EV 80.6 MPH)
|
|
Batting: RHB Dave Myers
|
0-0: 2-RUN HOME RUN (Line Drive, 78XD, EV 104.4 MPH), Distance : 451 ft
|
|
Batting: LHB Jack Howell
|
0-0: Foul Ball, location: 2F 0-1: Ball 1-1: Fly out, F2 (Popup, 13S, EV 86.9 MPH)
|
| Bottom of the 7th over - 2 runs, 2 hits, 0 errors, 0 left on base; Oneonta 3 - Jamestown 4 |
| TOP OF THE 8TH |
|
Oneonta Indians batting - Pitching for Jamestown Falcons : LHP Michael Tirella
|
|
Now at SS: Kevin Johnson
|
|
|
Batting: LHB Chris Forgione
|
0-0: Ball 1-0: Ball 2-0: Ground out 4-3 (Groundball, 4, EV 85.6 MPH)
|
|
Batting: RHB George Nebrich
|
0-0: Ball 1-0: Ball 2-0: Foul Ball, location: 2F 2-1: Ball 3-1: Base on Balls
|
|
Pitching: RHP Sergio Valdez
|
|
|
Pinch Hitting: LHB Steve Swinney
|
0-0: Fielders Choice at 2nd, 2-6 (Groundball, 2R, EV 63.1 MPH)
|
|
Batting: RHB Alberto Zappala
|
0-0: Called Strike 0-1: Called Strike 0-2: Ball 1-2: Ball 2-2: Fly out, F8 (Flyball, 8LM, EV 86.3 MPH)
|
| Top of the 8th over - 0 runs, 0 hits, 0 errors, 1 left on base; Oneonta 3 - Jamestown 4 |
| BOTTOM OF THE 8TH |
|
Jamestown Falcons batting - Pitching for Oneonta Indians : RHP Jeff Mihlbachler
|
|
Now at C: David Stone
|
|
|
Batting: RHB Glen Stacheit
|
0-0: Ball 1-0: Ball 2-0: Foul Ball, location: 2F 2-1: Called Strike 2-2: Strikes out swinging
|
|
Batting: RHB William Freidhof
|
0-0: Foul Ball, location: 2F 0-1: Ball 1-1: Foul Ball, location: 2F 1-2: Ball 2-2: Strikes out swinging
|
|
Batting: RHB Ronald Arnold
|
0-0: Called Strike 0-1: Ball 1-1: Ball 2-1: Called Strike 2-2: Strikes out swinging
|
| Bottom of the 8th over - 0 runs, 0 hits, 0 errors, 0 left on base; Oneonta 3 - Jamestown 4 |
| TOP OF THE 9TH |
|
Oneonta Indians batting - Pitching for Jamestown Falcons : RHP Sergio Valdez
|
|
Pitching: LHP Terrence Jackson
|
|
|
Now at 2B: Wayne Pizer
|
|
|
Now in RF: Jack Shuffield
|
|
|
Pinch Hitting: RHB William Luzinski
|
0-0: Called Strike 0-1: Called Strike 0-2: Ball 1-2: Ball 2-2: Strikes out looking
|
|
Batting: RHB Thomas Mohr
|
0-0: Called Strike 0-1: Foul Ball, location: 2F 0-2: Ball 1-2: Strikes out swinging
|
|
Batting: LHB Lenny Nay
|
0-0: Ball 1-0: Swinging Strike 1-1: Ball 2-1: Ball 3-1: Base on Balls
|
|
Batting: RHB Richard James
|
0-0: Called Strike 0-1: Ball 1-1: Ball 2-1: Foul Ball, location: 2F 2-2: Foul Ball, location: 2F 2-2: Ball 3-2: Fly out, F7 (Flyball, 7S, EV 66.3 MPH)
|
| Top of the 9th over - 0 runs, 0 hits, 0 errors, 1 left on base; Oneonta 3 - Jamestown 4 |
|